AoeStats
← DanielMagnani

Arabia

503503750Analyzed
4v4 RM · 1mo ago on Sep 1, 2026· 19m 32s· 8 players
Game mode
Random Map
Map size
Large (8 player)
Population
200
Speed
Normal
Resources
Standard
Victory
Conquest
Starting age
Dark Age
Ending age
Imperial Age
RankedLock teamsTeams togetherTeam positionsShared explorationLock speedFull tech treeHidden civsTurbo modeCheats
Victory
Defeat
🇧🇷 Burgundians · Brazil
1294
+10
🇧🇷 Persians · Brazil
1204
+14
🇧🇷 Huns · Brazil
1180
+15
🇧🇷 Dravidians · Brazil
1086
+20
🇧🇷 Franks · Brazil
1305
-21
🇧🇷 Britons · Brazil
1152
-14
🇧🇷 Ethiopians · Brazil
1146
-14
🇺🇸 Persians · United States
1054
-10
DanielMagnani
7:33 Loom
9:25 Feudal Age
10:30 Double-Bit Axe
12:58 Town Watch
15:45 Fletching
15:55 Padded Archer Armor
Lipe_182
6:59 Loom
9:21 Feudal Age
10:03 Double-Bit Axe
17:26 Gold Mining
19:48 Castle Age
18:47 Scale Barding Armor
19:09 Forging
Yuji_BR
7:32 Loom
10:23 Feudal Age
11:29 Double-Bit Axe
11:27 Horse Collar
18:42 Fletching
Hiltera
7:03 Loom
11:55 Feudal Age
16:13 Castle Age
14:52 Double-Bit Axe
14:51 Horse Collar
15:42 Gold Mining
16:22 Scale Barding Armor
18:06 Husbandry
cardosoiury
5:37 Double-Bit Axe
9:07 Horse Collar
10:00 Loom
12:32 Feudal Age
19:54 Castle Age
19:14 Gold Mining
19:44 Scale Barding Armor
19:50 Forging
19:56 Bow Saw
KannYahoo
7:20 Loom
9:55 Feudal Age
14:06 Fletching
15:00 Padded Archer Armor
[BRTIM] Tupi
7:07 Loom
9:24 Feudal Age
14:01 Fletching
16:10 Padded Archer Armor
21:04 Castle Age
19:34 Double-Bit Axe
Nordestino
6:54 Loom
9:31 Feudal Age
10:23 Double-Bit Axe
10:20 Horse Collar
15:06 Scale Barding Armor
21:16 Castle Age
20:02 Forging
19:58 Gold Mining
Connection lost

Rejoining the realm…

Still unreachable

The connection could not be restored.

Session expired

The server has moved on; the page needs a fresh start.